 Dungeon Crawl Stone Soup version 0.26-a0-658-gbdda728c12 (webtiles) character file.

Game seed: 9517658037414105478

23106 heikuro the Spear-Bearer (level 13, -24/104 HPs)
             Began as a Formicid Abyssal Knight on Oct 5, 2020.
             Was a High Priest of Lugonu.
             Annihilated by a minotaur
             ... wielding a +0 battleaxe of flaming
              (27 damage)
             ... in a Gauntlet.
             The game lasted 00:38:58 (18835 turns).

heikuro the Spear-Bearer (Formicid Abyssal Knight) Turns: 18835, Time: 00:38:59

Health: -24/104    AC: 20    Str: 30    XL:     13   Next: 32%
Magic:  17/21      EV:  8    Int: 11    God:    Lugonu [*****.]
Gold:   727        SH:  0    Dex: 16    Spells: 12/12 levels left

rFire    . . .     SeeInvis +   a - +1 glaive (protect)
rCold    . . .     Faith    .   (no shield)
rNeg     . . .     Spirit   .   M - +0 plate armour
rPois    .         Reflect  .   (helmet unavailable)
rElec    +         Harm     .   i - +0 cloak
rCorr    .         Rampage  .   v - +2 pair of gloves
MR       +....                  G - +0 pair of boots
Stlth    ..........             (no amulet)
HPRegen  0.27/turn              m - +6 ring of strength
MPRegen  0.17/turn              s - ring of Ecemoluz {Wiz rElec Str+3 Dex+4}

@: no status effects
A: permanent stasis, dig shafts and tunnels, four strong arms, antennae 3
a: Dig, Shaft Self, Depart the Abyss, Bend Space, Banish, Corrupt, Enter the
Abyss, Renounce Religion


You were in a Gauntlet.
You worshipped Lugonu.
Lugonu was extremely pleased with you.
You visited 3 branches of the dungeon, and saw 15 of its levels.
You visited the Abyss 1 time.
You also visited: Gauntlet.

You collected 727 gold pieces.

Inventory:

Hand Weapons
 a - a +1 glaive of protection (weapon)
 b - a +0 fustibalus
 E - a +0 vampiric spear
Missiles
 d - 92 sling bullets
 x - 78 poisoned darts (quivered)
 O - a throwing net
Armour
 i - a +0 cloak (worn)
 v - a +2 pair of gloves (worn)
 G - a +0 pair of boots (worn)
 L - +0 acid dragon scales
 M - a +0 plate armour (worn)
Jewellery
 m - a +6 ring of strength (left hand)
 p - an uncursed ring of flight
 s - the ring of Ecemoluz (right hand) {Wiz rElec Str+3 Dex+4}
   (You found it in a Gauntlet)

   [ring of wizardry]

   It improves your spell success rate.
   It affects your strength (+3).
   It affects your dexterity (+4).
   It insulates you from electricity.
 C - an uncursed ring of protection from fire
 N - an uncursed ring of magical power {unknown}
 Q - an uncursed amulet of regeneration {unknown}
Wands
 t - a wand of random effects (36)
 y - a wand of polymorph (15)
 z - a wand of paralysis (14)
 H - a wand of iceblast (27)
 K - a wand of flame (26)
 P - a wand of acid (8)
 R - a wand of enslavement (9)
Scrolls
 c - 6 scrolls of remove curse
 g - 2 scrolls of amnesia
 h - a scroll of immolation
 D - a scroll of vulnerability
 I - a scroll of enchant weapon
 J - 3 scrolls of fog
 S - 4 scrolls of identify
Potions
 e - 2 potions of mutation
 f - 3 potions of lignification
 j - 2 potions of berserk rage
 k - a potion of experience
 l - 2 potions of cancellation
 n - a potion of stabbing
 o - 3 potions of curing
 q - a potion of magic
 A - 2 potions of ambrosia {unknown}
 B - 2 potions of flight
 T - a potion of might {unknown}


   Skills:
 + Level 10.4 Fighting
 * Level 12.1 Polearms
 + Level 9.8 Slings
 + Level 10.0 Armour
 - Level 1.0 Dodging
 + Level 10.8 Invocations


You had 12 spell levels left.
You didn't know any spells.
Your spell library contained the following spells:

 Spells                   Type           Power        Failure   Level
 Corona                   Hex            #......      65%         1
 Sandblast                Erth           #.....       65%         1
 Ensorcelled Hibernation  Hex/Ice        #.....       80%         2
 Passwall                 Tmut/Erth      #.......     80%         2
 Confusing Touch          Hex            #.......     95%         3
 Dazzling Flash           Conj/Hex       #.....       95%         3
 Gell's Gravitas          Tloc           #.........   95%         3
 Stone Arrow              Conj/Erth      #.....       95%         3
 Tukima's Dance           Hex            #.......     95%         3
 Petrify                  Tmut/Erth      #.......     100%        4
 Lee's Rapid Deconstruct  Erth           #.........   100%        5
 Metabolic Englaciation   Hex/Ice        #.........   100%        5
 Yara's Violent Unravell  Hex/Tmut       #.........   100%        5


Dungeon Overview and Level Annotations

Branches:
Dungeon (12/15)            Temple (1/1) D:6            Lair (2/6) D:9
 Spider (0/4) Lair:2          Orc (0/2) D:11        Gauntlet (1/1)
  Swamp: Lair:2-4    Shoals: Lair:2-4

Altars:
Ashenzari
Cheibriados
Dithmenos
Elyvilon
Fedhas
Gozag
Hepliaklqana
Kikubaaqudgha
Makhleb
Nemelex Xobeh
Okawaru
Qazlal
Ru
Sif Muna
Trog
Uskayaw
Vehumet
Wu Jian
Xom
Yredelemnul
Zin
The Shining One

Shops:
D:4 }   D:7 *

Annotations:
Gauntlet 8 transporters, exclusion: obsidian statue


Innate Abilities, Weirdness & Mutations

You cannot be hasted, slowed, berserked, paralysed or teleported.
You can dig through walls and to a lower floor.
Your four strong arms can wield two-handed weapons with a shield.
You have a pair of large antennae on your head. (SInv)


Message History

The minotaur barely misses you.
Unknown command.
Okay, then.
Okay, then.
Unknown command.
Press: ? - help, Shift-Dir - straight line, f/p - minotaur
Aim: a minotaur, wielding a +0 battleaxe of flaming, wearing the +4 steam dragon scales "Nollaboz" {rElec rN+ Int-4 SInv} and quivering 12 javelins (moderately wounded, chance to defeat MR: 25%)
The minotaur resists with almost no effort.
Lugonu is no longer ready to corrupt your weapon.
Unknown command.
Evoke which item? (* to show all) (? for menu, Esc to quit)
Okay, then.
Okay, then.
Okay, then.
As you read the scroll labeled IRCHIL GISSOE, it crumbles to dust.
It is a scroll of brand weapon.
Your +1 glaive projects an invisible shield of force!
a - a +1 glaive of protection (weapon)
The minotaur hits you with a +0 battleaxe of flaming!!
You die...

##### #.#.#...#.....#...
[8}8.8#...#.©.#.....####
......'(###...#..∩......
[8|8.8#...#.©.#.....####
#######.#.#...#.....#...
#.....#.#.©.#.....#.##
#8..........#.♣...##..
##.##H###.♣.#..PP.#©##
#...@(.....##..♣.##..
########.♣.###...#[##
#...##≈...#...
#####≈≈.P.####
##≈.♣..... ##.P.####
##≈...#333 #≈≈...#.##
##≈.♣.#...


You could see a minotaur.

Vanquished Creatures
  2 death oozes (Gauntlet)
  A hydra (Lair:1)
  3 two-headed ogres
  2 unseen horrors
  Pikel (D:5)
  A cyclops (D:11)
  A manticore (D:10)
  A centaur zombie (D:12)
  5 cane toads (Lair:1)
  A kobold demonologist (D:10)
  A centaur skeleton (D:10)
  A rime drake (Lair:1)
  Maggie (D:7)
  5 komodo dragons
  A troll (D:11)
  2 slime creatures (Gauntlet)
  2 shadows
  5 wyverns
  19 yaks
  A basilisk (D:9)
  Edmund (D:5)
  3 water moccasins
  Duvessa (D:5)
  A swamp drake (D:9)
  An orc warrior (D:7)
  4 phantoms
  2 black bears
  3 ice beasts
  4 sky beasts
  2 ogres (D:3)
  7 wolves (Lair:1)
  3 centaurs
  Blork the orc (D:5)
  A big kobold (D:7)
  8 bullfrogs
  Dowan (D:5)
  A scorpion (D:6)
  2 troll zombies (D:11)
  21 killer bees
  11 wights
  A howler monkey (D:7)
  A bullfrog zombie (D:6)
  5 hounds
  A wyvern simulacrum (Gauntlet)
  7 orc priests
  A gnoll shaman (D:8)
  4 jellies
  Ijyb (D:5)
  Natasha (thrice) (D:2 D:1)
  An iguana (D:7)
  9 orc wizards
  8 worker ants
  2 centaur simulacra (Gauntlet)
  6 ogre zombies (D:11)
  A bullfrog simulacrum (Gauntlet)
  3 hound skeletons
  A worker ant zombie (D:11)
  A howler monkey zombie (D:8)
  16 gnolls
  16 adders
  3 shadow imps
  4 white imps
  2 adder skeletons
  6 worms
  3 leopard geckos
  37 orcs
  3 ball pythons
  5 giant cockroaches
  10 goblins
  7 hobgoblins
  16 jackals
  7 quokkas
  6 bats
  5 frilled lizards
  A giant cockroach zombie (D:5)
  A goblin zombie (D:11)
  2 hobgoblin zombies (D:11)
  15 kobolds
  3 orc skeletons (D:11)
  18 orc zombies (D:11)
  A quokka skeleton (D:7)
  7 rats
384 creatures vanquished.

Vanquished Creatures (others)
  A fungus (Lair:1)
  4 withered plants (Gauntlet)
5 creatures vanquished.

Grand Total: 389 creatures vanquished

Notes
Turn   | Place    | Note
-------+----------+-------------------------------------------
     0 | Abyss:1  | heikuro the Formicid Abyssal Knight began the quest for the
                  | Orb.
     0 | Abyss:1  | Reached XP level 1. HP: 18/18 MP: 2/2
   154 | Abyss:1  | Noticed a small abomination
   163 | Abyss:1  | Noticed a large abomination
   166 | D:1      | Escaped the Abyss
   318 | D:1      | Reached skill level 1 in Dodging
   410 | D:1      | Reached XP level 2. HP: 24/24 MP: 3/3
   496 | D:1      | Reached * piety under Lugonu
   552 | D:1      | Found a broken altar of Ashenzari.
   933 | D:2      | Reached XP level 3. HP: 24/29 MP: 4/4
  1181 | D:2      | Found a glowing golden altar of the Shining One.
  1375 | D:2      | Noticed Natasha
  1385 | D:2      | Reached skill level 1 in Slings
  1385 | D:2      | Reached XP level 4. HP: 30/36 MP: 4/6
  1537 | D:2      | Killed Natasha
  1537 | D:2      | Reached skill level 3 in Polearms
  1572 | D:2      | Noticed Natasha
  1626 | D:1      | Killed Natasha
  1626 | D:1      | Reached XP level 5. HP: 32/42 MP: 7/7
  1963 | D:1      | Noticed Natasha
  1977 | D:1      | Killed Natasha
  2071 | D:1      | Found a broken altar of Ashenzari.
  2754 | D:3      | Reached ** piety under Lugonu
  2833 | D:3      | Reached XP level 6. HP: 48/48 MP: 8/8
  3597 | D:4      | Reached skill level 4 in Polearms
  3909 | D:4      | Noticed an ogre
  3927 | D:4      | Reached XP level 7. HP: 44/55 MP: 9/9
  4918 | D:4      | Reached *** piety under Lugonu
  4985 | D:4      | Found Viab's Gadget Boutique.
  5115 | D:4      | Reached skill level 5 in Polearms
  5115 | D:4      | Reached XP level 8. HP: 60/61 MP: 11/11
  5330 | D:5      | Entered Level 5 of the Dungeon
  5366 | D:5      | Noticed Ijyb
  5397 | D:5      | Killed Ijyb
  5426 | D:5      | Noticed Edmund
  5429 | D:5      | Reached skill level 5 in Fighting
  5480 | D:5      | Killed Edmund
  5787 | D:5      | Reached skill level 5 in Invocations
  5836 | D:5      | Noticed Blork the orc
  5849 | D:5      | Killed Blork the orc
  5858 | D:5      | Noticed Pikel
  5879 | D:5      | Killed Pikel
  5879 | D:5      | Reached skill level 6 in Polearms
  5879 | D:5      | Reached skill level 5 in Armour
  5879 | D:5      | Reached XP level 9. HP: 50/69 MP: 11/13
  6463 | D:6      | Noticed Dowan
  6466 | D:6      | Noticed Duvessa
  6483 | D:5      | Killed Duvessa
  6497 | D:5      | Killed Dowan
  6782 | D:6      | Found a staircase to the Ecumenical Temple.
  6797 | Temple   | Entered the Ecumenical Temple
  7013 | D:6      | Reached skill level 7 in Polearms
  7013 | D:6      | Reached skill level 5 in Slings
  7161 | D:6      | Reached **** piety under Lugonu
  8670 | D:7      | Reached XP level 10. HP: 74/77 MP: 14/14
  8817 | D:7      | Reached skill level 8 in Polearms
  8991 | D:7      | Found Zonijuv's Assorted Antiques.
  9147 | D:7      | Noticed Maggie
  9155 | D:7      | Killed Maggie
  9460 | D:8      | Reached ***** piety under Lugonu
  9694 | D:8      | Found a sparkling altar of Nemelex Xobeh.
  9700 | D:8      | Noticed a two-headed ogre
  9711 | D:8      | Killed a two-headed ogre
 10539 | D:9      | Noticed a two-headed ogre
 10548 | D:9      | Killed a two-headed ogre
 10548 | D:9      | Reached skill level 9 in Polearms
 10707 | D:9      | Reached XP level 11. HP: 47/86 MP: 16/16
 11882 | D:9      | Found a staircase to the Lair.
 12274 | D:10     | Entered Level 10 of the Dungeon
 12274 | D:10     | Noticed an unseen horror
 12281 | D:10     | Killed an unseen horror
 12281 | D:10     | Reached skill level 10 in Polearms
 12733 | D:10     | Noticed a manticore
 12742 | D:10     | Killed a manticore
 13345 | D:11     | Noticed a sun demon
 13697 | D:11     | Noticed a cyclops
 13719 | D:11     | Killed a cyclops
 13989 | D:11     | Noticed a two-headed ogre
 14006 | D:11     | Killed a two-headed ogre
 14006 | D:11     | Reached XP level 12. HP: 69/94 MP: 11/18
 14145 | D:11     | Found a shadowy altar of Dithmenos.
 14365 | D:11     | Noticed an unseen horror
 14378 | D:11     | Killed an unseen horror
 14424 | D:11     | Found a staircase to the Orcish Mines.
 14464 | D:11     | Reached skill level 11 in Polearms
 15113 | D:11     | Reached ****** piety under Lugonu
 15721 | D:12     | Noticed an ice dragon
 15727 | D:12     | Banished an ice dragon
 15888 | Lair:1   | Entered Level 1 of the Lair of Beasts
 16544 | Lair:1   | Reached skill level 10 in Invocations
 16751 | Lair:1   | Noticed a four-headed hydra
 16758 | Lair:1   | Killed a four-headed hydra
 16943 | Lair:1   | Reached skill level 12 in Polearms
 16946 | Lair:1   | Reached XP level 13. HP: 93/103 MP: 20/20
 17124 | Lair:1   | Reached skill level 10 in Fighting
 17853 | Lair:2   | Found a gate leading to a gauntlet.
 17865 | Gauntlet | Entered a Gauntlet
 17865 | Gauntlet | Found a transporter.
 17891 | Gauntlet | Found a transporter.
 17893 | Gauntlet | Found a transporter.
 17898 | Gauntlet | Noticed a death ooze
 17904 | Gauntlet | Found a transporter.
 17906 | Gauntlet | Found a transporter.
 17915 | Gauntlet | Found a transporter.
 17931 | Gauntlet | Found a transporter.
 17931 | Gauntlet | Noticed a death ooze
 17941 | Gauntlet | Found a transporter.
 17948 | Gauntlet | Noticed a cacodemon
 17951 | Gauntlet | Found a transporter.
 17965 | Gauntlet | Found a transporter.
 17979 | Gauntlet | Found a transporter.
 17979 | Gauntlet | Found a transporter.
 18019 | Gauntlet | Found a transporter.
 18033 | Gauntlet | Found a transporter.
 18276 | Gauntlet | Killed a death ooze
 18479 | Gauntlet | Reached skill level 10 in Armour
 18498 | Gauntlet | Killed a death ooze
 18758 | Gauntlet | Got a smoking jade ring
 18767 | Gauntlet | Got a bloodstained leather armour
 18779 | Gauntlet | Identified the cursed +0 leather armour of Wira {+Blink MR+
                  | Str+4 Int-3} (You found it in a Gauntlet)
 18781 | Gauntlet | Identified the ring of Ecemoluz {Wiz rElec Str+3 Dex+4}
                  | (You found it in a Gauntlet)
 18817 | Gauntlet | Identified the +4 steam dragon scales "Nollaboz" {rElec rN+
                  | Int-4 SInv}
 18817 | Gauntlet | Noticed a minotaur
 18833 | Gauntlet | HP: 3/104 [minotaur/+0 battleaxe of flaming (26)]
 18835 | Gauntlet | Annihilated by a minotaur

Illustrated notes

Levels and vault maps discovered:
D:1:      minmay_arrival_five_plusses, layout_loops_ring, ashenzari_altar_1
D:2:      layout_rooms, nicolae_tso_carved_into_rock, uniq_natasha
D:3:      layout_basic, grunt_ministairs_1
D:4:      layout_basic, serial_shops, shop
D:5:      layout_basic, st_stairs_10, grunt_ministairs_11,
          hangedman_glass_teeth, uniq_edmund, uniq_blork_the_orc, uniq_pikel,
          uniq_ijyb
D:6:      layout_cave_pods, minmay_temple_entry_crystal_x, uniq_duvessa
D:7:      layout_rooms, serial_shops, kennysheep_mini_moat, grunt_decor_cap,
          uniq_maggie
D:8:      layout_loops_ring, basic_altar
D:9:      layout_roguey, erik_lair_dragon
D:10:     layout_loops_ring
D:11:     layout_loops_ring, zombieorc2_lemuel, nicolae_dithmenos_the_darkroom
D:12:     layout_loops_ring, kb_rosetta, uniq_urug, uniq_sonja
Temple:   minmay_crystal_snake_temple
Lair:1:   layout_cave_pods
Lair:2:   layout_cave_pods, nicolae_spider_entry_orb_guardian,
          gauntlet_entry_generic, chequers_serial_rivers_large_a
Gauntlet: minmay_gauntlet_77_tree [minmay_gauntlet_arena_77_museum,
          minmay_gauntlet_arena_77_terracotta_army,
          minmay_gauntlet_arena_77_two_paths,
          minmay_gauntlet_arena_77_broken_ladder,
          minmay_gauntlet_arena_77_chump_sandwich,
          minmay_gauntlet_arena_77_braids,
          minmay_gauntlet_arena_77_radiant_squares,
          nicolae_gauntlet_exit_dead_adventurers]

Skill      XL: |  1  2  3  4  5  6  7  8  9 10 11 12 13 |
---------------+----------------------------------------+-----
Dodging        | 1 |  1.0
Slings         | 1 2 3 4 5 6 8 9 |  9.8
Polearms       | 3 4 5 6 7 9 10 12 | 12.1
Invocations    | 3 4 5 6 7 9 10 | 10.8
Armour         | 3 4 5 6 7 8 9 10 | 10.0
Fighting       | 4 5 6 7 8 9 10 | 10.4

Action                   |  1- 3 |  4- 6 |  7- 9 | 10-12 | 13-15 || total
-------------------------+-------+-------+-------+-------+-------++-------
Melee: Spear             |    88 |   292 |   249 |       |       ||   629
       Unarmed           |       |       |    19 |       |       ||    19
       Halberd           |       |       |   149 |       |       ||   149
       Glaive            |       |       |     4 |   619 |   103 ||   726
 Fire: Hunting sling     |    16 |    41 |    59 |    14 |       ||   130
       Fustibalus        |       |       |       |    63 |    11 ||    74
Throw: Dart              |       |     2 |    47 |    46 |       ||    95
Invok: Depart the Abyss  |     1 |       |       |       |       ||     1
       Bend Space        |       |       |     9 |    11 |    28 ||    48
       Banish            |       |       |       |     2 |     2 ||     4
 Abil: Dig               |       |       |     3 |     5 |     3 ||    11
Evoke: Wand              |       |       |       |       |     2 ||     2
  Use: Scroll            |       |     5 |     3 |     5 |    11 ||    24
       Potion            |       |       |       |       |     2 ||     2
Armor: Scale mail        |    21 |       |       |       |       ||    21
       Leather armour    |     1 |       |       |       |       ||     1
       Chain mail        |    16 |   175 |   235 |    28 |       ||   454
       Skin              |       |       |     3 |       |       ||     3
       Acid dragon scale |       |       |       |   130 |       ||   130
       Plate armour      |       |       |       |   178 |    71 ||   249
Dodge: Dodged            |    29 |   100 |   169 |   289 |    43 ||   630

Table legend: (Time is in decaauts)
 A = Elapsed time spent in this place.
 B = Non-inter-level travel time spent in this place.
 C = Inter-level travel time spent in this place.
 D = Time resting spent in this place.
 E = Time spent auto-exploring this place.
 F = Levels seen in this place.
 G = Mean time per level.
                   A        B        C        D        E       F      G
               +--------+--------+--------+--------+--------+-----+--------+
         Total |  18886 |  18161 |    725 |   5875 |   7973 |  17 | 1110.9 |
       Dungeon |  15576 |  14987 |    589 |   4614 |   6697 |  12 | 1298.0 |
        Temple |    189 |    151 |     38 |      0 |    151 |   1 |  189.0 |
          Lair |   1984 |   1887 |     97 |    730 |    820 |   2 |  992.0 |
         Abyss |    166 |    166 |      0 |     57 |     77 |   1 |  166.0 |
      Gauntlet |    970 |    970 |      0 |    474 |    228 |   1 |  970.0 |
               +--------+--------+--------+--------+--------+-----+--------+

Top non-repeatable levels by time:
    D:11: 2109 daAuts
  Lair:1: 1929 daAuts
     D:3: 1916 daAuts
     D:9: 1805 daAuts
     D:1: 1554 daAuts
     D:5: 1404 daAuts
    D:10: 1398 daAuts
     D:6: 1373 daAuts
     D:7: 1259 daAuts
     D:8: 999 daAuts
Gauntlet: 970 daAuts
     D:4: 928 daAuts
     D:2: 722 daAuts
  Temple: 189 daAuts
 Abyss:1: 166 daAuts
